Map: Simulacrum LE

Players

phlegmat

  • Race: Terran Terran
  • League: Master
  • Spawn Location: 11:00

Temper - Winner!

  • Race: Zerg Zerg
  • League: Master
  • Spawn Location: 5:00

VOD

Have the link to the VOD?

Description

Time

  • Played on: Feb. 3, 2020, 11:07 a.m.
  • Length: 10:33
Show
View Real Time Build Order
Export as new Build Order

phlegmat Terran 

Build Orders: Hellion Banshee 

Get SALT Encoding   

  12  0:01  SCV  
  13  0:13  SCV  
  14  0:17  Supply Depot  
  14  0:25  SCV  
  14  0:28  Refinery  
  15  0:39  SCV  
  16  0:45  Barracks  
  16  0:51  SCV  
  17  1:03  SCV  
  18  1:15  SCV  
  19  1:32  Reaper, Orbital Command  
  20  1:44  Command Center  
  20  1:54  Factory  
  20  1:59  SCV  
  21  2:08  Barracks Reactor  
  21  2:11  SCV  
  21  2:15  Supply Depot  
  22  2:21  Refinery  
  22  2:23  SCV  
  23  2:45  Starport  
  23  2:48  SCV  
  28  2:51  Hellion x2  
  28  2:56  Barracks Tech Lab  
  28  2:59  Orbital Command  
  28  3:00  SCV  
  31  3:12  Hellion  
  31  3:15  Hellion  
  31  3:17  SCV  
  34  3:27  SCV  
  34  3:29  SCV  
  36  3:35  Cloaking Field, Banshee  
  36  3:40  SCV  
  36  3:41  Supply Depot  
  40  3:43  Hellion  
  40  3:44  Hellion  
  44  3:53  SCV x2  
  46  4:04  Supply Depot  
  46  4:05  SCV x2  
  48  4:10  Hellion x2  
  52  4:23  Command Center  
  52  4:25  Banshee  
  52  4:29  Supply Depot  
  55  4:36  Hellion x2  
  59  4:40  SCV x2  
  61  4:45  Supply Depot  
  61  4:51  Factory  
  56  5:10  Command Center  
  47  5:25  Hellion x2, Banshee  
  46  5:37  SCV x2, Factory  
  48  5:45  Refinery  
  48  5:47  Refinery  
  48  5:48  Armory  
  48  5:49  SCV x2, Supply Depot  
  50  5:50  Supply Depot  
  50  5:51  Hellion  
  50  5:52  Hellion  
  50  5:57  Barracks Reactor  
  54  5:58  Factory Tech Lab  
  54  6:01  SCV x2, Factory  
  56  6:14  SCV x2  
  58  6:22  Cyclone  
  58  6:23  Orbital Command  
  58  6:25  Hellion x2  
  65  6:28  Factory  
  65  6:29  Viking  
  67  6:37  Cyclone  
  70  6:47  Orbital Command  
  70  6:55  Engineering Bay  
  70  6:56  SCV x2  
  72  7:05  Cyclone  
  72  7:06  Hellion x2  
  72  7:07  Widow Mine x2  
  83  7:10  SCV x2  
  83  7:26  SCV x2  
  83  7:27  SCV  
  86  7:30  Missile Turret  
  86  7:32  Mag-Field Accelerator, Missile Turret  
  86  7:33  Missile Turret, Factory Tech Lab  
  86  7:34  Cyclone  
  86  7:35  Hellion x2  
  93  7:38  SCV  
  93  7:43  Supply Depot  
  84  8:01  Hellion x2, Cyclone x2  
  91  8:13  Hellion x2, Cyclone  
  95  8:21  SCV  
  95  8:22  SCV x2  
  95  8:25  Liberator  
  95  8:26  Hellion x2  
  105  8:33  Cyclone, Siege Tank  
  105  8:34  SCV x3  
  110  8:36  Refinery  
  110  8:37  Refinery  
  110  8:38  Infernal Pre-Igniter  
  113  8:41  Hellion x2  
  113  8:45  Supply Depot  
  113  8:46  Supply Depot  
  115  9:00  Command Center  
  115  9:01  Siege Tank  
  116  9:05  Siege Tank  
  109  9:19  Command Center  
  109  9:24  Hellion x2, Cyclone  
  116  9:29  Liberator  
  116  9:30  SCV x2, Hellion x2  
  125  9:33  Cyclone  
  125  9:35  Fusion Core  
  125  9:36  SCV  
  129  9:40  Supply Depot  
  129  9:42  SCV  
  129  9:44  SCV  
  131  9:47  Supply Depot  
  131  9:48  SCV, Supply Depot  
  132  9:54  SCV  
  133  10:02  SCV, Sensor Tower  
Show
View Real Time Build Order
Export as new Build Order

Temper Zerg - Winner!

Build Orders: Hatch First, Roach Hydra 

Get SALT Encoding   

  12  0:01  Drone  
  13  0:14  Overlord  
  13  0:19  Drone  
  14  0:33  Drone x2  
  16  0:49  Hatchery  
  15  0:52  Drone  
  15  0:56  Drone  
  17  0:59  Drone  
  18  1:05  Extractor  
  17  1:15  Spawning Pool  
  17  1:18  Drone  
  17  1:21  Drone  
  18  1:30  Drone  
  19  1:41  Drone  
  20  1:51  Overlord  
  20  2:02  Queen x2  
  20  2:03  Zergling x4  
  20  2:08  Metabolic Boost  
  26  2:12  Drone  
  26  2:14  Drone  
  28  2:35  Spore Crawler  
  27  2:37  Hatchery  
  27  2:44  Queen  
  27  2:46  Drone  
  27  2:47  Drone  
  27  2:50  Drone  
  32  2:54  Drone  
  32  2:55  Drone  
  34  3:03  Pneumatized Carapace  
  34  3:06  Overlord  
  34  3:15  Drone x2  
  34  3:17  Overlord  
  36  3:26  Queen  
  36  3:27  Drone x2  
  39  3:28  Drone  
  39  3:34  Drone x2  
  43  3:35  Drone  
  43  3:39  Zergling x2  
  45  3:43  Zergling x2  
  45  3:48  Zergling x2, Roach Warren  
  46  4:03  Drone x3  
  46  4:07  Queen  
  51  4:11  Queen  
  51  4:14  Spore Crawler, Drone  
  51  4:15  Spore Crawler  
  51  4:17  Drone x2  
  54  4:23  Lair  
  54  4:25  Drone  
  54  4:27  Spore Crawler  
  54  4:29  Drone, Extractor  
  54  4:31  Extractor  
  54  4:37  Drone  
  56  4:38  Roach x2  
  58  4:49  Overlord  
  58  4:50  Overlord  
  58  5:00  Roach  
  58  5:05  Roach x2  
  58  5:06  Roach  
  51  5:24  Drone  
  51  5:25  Drone x4  
  50  5:28  Overseer  
  50  5:29  Drone x2  
  50  5:30  Queen x2, Drone x8  
  50  5:33  Drone  
  65  5:38  Evolution Chamber  
  65  5:40  Evolution Chamber, Drone x3  
  65  5:41  Drone  
  67  5:45  Drone  
  68  5:55  Drone x2  
  68  5:56  Drone  
  71  5:58  Extractor  
  71  5:59  Extractor  
  71  6:02  Overseer  
  69  6:05  Drone x2  
  69  6:06  Drone  
  72  6:12  Drone  
  72  6:15  Overlord  
  72  6:16  Drone  
  72  6:17  Zerg Ground Armor Level 1  
  74  6:26  Zerg Missile Weapons Level 1  
  74  6:28  Overlord  
  74  6:30  Extractor  
  73  6:32  Queen  
  73  6:33  Drone x2  
  73  6:35  Drone x3  
  73  6:38  Hatchery  
  79  6:42  Drone  
  79  6:43  Drone  
  79  6:46  Drone  
  79  6:47  Drone x2  
  84  6:48  Drone  
  84  6:49  Roach x2  
  89  6:57  Overlord  
  89  6:59  Overlord  
  89  7:00  Drone  
  90  7:03  Hydralisk Den  
  90  7:06  Drone  
  90  7:13  Overlord  
  90  7:17  Overlord x2  
  90  7:19  Spore Crawler, Overseer  
  90  7:21  Glial Reconstitution  
  89  7:23  Roach  
  89  7:24  Roach x3  
  89  7:25  Overlord x2, Overseer  
  97  7:30  Overlord  
  97  7:32  Ravager, Overseer  
  97  7:33  Roach  
  97  7:34  Roach x3  
  106  7:37  Muscular Augments, Hydralisk x2  
  106  7:38  Hydralisk  
  110  7:54  Queen x2  
  110  7:55  Hydralisk x5  
  110  7:56  Hydralisk  
  123  8:01  Drone x3  
  123  8:02  Drone x2  
  122  8:18  Overseer  
  120  8:25  Overlord x2  
  118  8:30  Overseer  
  118  8:38  Overseer, Extractor x2  
  116  8:42  Overlord x2  
  116  8:43  Drone x2  
  116  8:44  Hydralisk, Drone x3  
  116  8:45  Hydralisk, Drone  
  116  8:46  Hatchery  
  125  8:49  Grooved Spines  
  125  8:52  Overseer  
  125  8:54  Roach  
  127  8:57  Overlord x3  
  127  8:58  Drone  
  127  8:59  Overseer  
  124  9:14  Hydralisk  
  124  9:15  Hydralisk x9  
  144  9:19  Roach  
  144  9:20  Roach x2  
  150  9:24  Lurker Den  
  150  9:29  Drone  
  150  9:32  Infestation Pit, Roach x2  
  150  9:33  Roach x3  
  159  9:41  Overlord  
  159  9:42  Overseer x2  
  159  9:44  Overlord x2  
  159  9:46  Ravager  
  159  9:51  Overlord  
  160  9:54  Overlord  
  160  9:55  Overseer  
  160  9:59  Roach  
  162  10:00  Roach x6  
Tags
 
Add a new tag
Caveats
  • Supply blocks, unpowered buildings, or Contaminate may cause inaccurate times.
  • Supply counts are checked every 10 seconds.